AoeStats
← Peru_o_O

Arena

510244289Analyzed
3v3 RM · 2d ago on Sep 30, 2026· 35m 21s· 6 players
Game mode
Random Map
Map size
Normal (6 player)
Population
200
Speed
Normal
Resources
Standard
Victory
Conquest
Starting age
Dark Age
Ending age
Imperial Age
RankedLock teamsTeams togetherTeam positionsShared explorationLock speedFull tech treeHidden civsTurbo modeCheats
Victory
Defeat
🇵🇪 Persians · Peru
1205
+13
🇵🇪 Italians · Peru
1203
+13
🇨🇦 Goths · Canada
1183
+14
🇲🇽 Goths · Mexico
1148
-14
🇲🇽 Cumans · Mexico
1146
-14
🇲🇽 Varangians · Mexico
1115
-12
Ulix21X
3:30 Loom
11:01 Feudal Age
15:05 Castle Age
13:48 Stone Mining
13:46 Double-Bit Axe
14:15 Horse Collar
21:16 Fervor
27:23 Heavy Plow
30:34 Forging
30:34 Treadmill Crane
31:37 Wheelbarrow
31:20 Scale Barding Armor
33:41 Iron Casting
32:30 Vendel Legacy
33:15 Husbandry
33:37 Bow Saw
33:45 Hand Cart
33:40 Town Watch
34:22 Chain Barding Armor
34:47 Town Patrol
37:45 Imperial Age
35:29 Bloodlines
35:21 Arson
axelCGOMarcus
13:03 Feudal Age
17:01 Castle Age
16:30 Man-at-Arms
17:59 Long Swordsman
18:42 Squires
24:06 Loom
F123DY
11:40 Feudal Age
12:43 Double-Bit Axe
13:22 Horse Collar
19:16 Scale Mail Armor
24:40 Forging
27:36 Castle Age
26:19 Wheelbarrow
29:06 Bow Saw
29:09 Gold Mining
30:57 Fletching
31:08 Padded Archer Armor
31:24 Chain Mail Armor
31:44 Iron Casting
31:46 Hand Cart
31:16 Elite Skirmisher
33:02 Gold Shaft Mining
33:24 Scale Barding Armor
33:36 Leather Archer Armor
33:17 Bodkin Arrow
32:48 Pikeman
Broken Viking
11:41 Feudal Age
16:56 Castle Age
15:27 Forging
15:18 Scale Mail Armor
17:01 Double-Bit Axe
16:41 Man-at-Arms
17:51 Squires
21:27 Long Swordsman
25:54 Fletching
27:37 Chain Mail Armor
28:16 Iron Casting
27:50 Pikeman
29:33 Gold Mining
29:47 Stone Mining
31:11 Anarchy
33:18 Bow Saw
32:51 Horse Collar
38:03 Imperial Age
35:20 Loom
Peru_o_O
10:04 Feudal Age
11:23 Loom
15:02 Castle Age
13:30 Double-Bit Axe
13:32 Horse Collar
20:15 Bow Saw
21:55 Wheelbarrow
22:36 Heavy Plow
23:32 Scale Barding Armor
25:49 Hand Cart
26:13 Stone Mining
27:55 Gold Mining
29:32 Chain Barding Armor
29:26 Bloodlines
31:47 Imperial Age
29:33 Husbandry
29:45 Forging
31:46 Gold Shaft Mining
32:00 Iron Casting
31:27 Cavalier
33:23 Plate Barding Armor
34:33 Blast Furnace
34:43 Savar
36:03 Crop Rotation
36:35 Two-Man Saw
Peru_Rush
10:30 Feudal Age
14:36 Castle Age
15:03 Loom
15:25 Double-Bit Axe
24:25 Fletching
26:21 Bodkin Arrow
27:24 Padded Archer Armor
29:32 Bow Saw
29:03 Horse Collar
29:15 Gold Mining
34:25 Imperial Age
36:25 Two-Man Saw
35:27 Heavy Plow
35:31 Bracer
35:47 Leather Archer Armor
35:59 Ballistics
Connection lost

Rejoining the realm…

Still unreachable

The connection could not be restored.

Session expired

The server has moved on; the page needs a fresh start.